 Dungeon Crawl Stone Soup version 0.29.1-1-gd02db6906a (webtiles) character file.

Game seed: 8700331012395351553

44 RascalDebosk the Magician (level 3, 0/27 HPs)
             Began as a Djinni Conjurer on Oct 22, 2022.
             Slain by Robin
             ... wielding a +0 mace
              (7 damage)
             ... on level 2 of the Dungeon.
             The game lasted 00:09:35 (1681 turns).

RascalDebosk the Magician (Djinni Conjurer)         Turns: 1681, Time: 00:09:36

Health: 0/27       AC:  2    Str:  6    XL:     3   Next: 85%
Gold:   18         EV: 12    Int: 21    God:
                   SH:  0    Dex: 11

rFire   + + .      SeeInvis .   d - +0 quarterstaff
rCold   x . .      Faith    .   (shield currently unavailable)
rNeg    . . .      Spirit   .   a - +0 robe
rPois   ∞          Reflect  .   (no helmet)
rElec   .          Harm     .   (no cloak)
rCorr   .          Rampage  .   (no gloves)
Will    .....                   (boots unavailable)
Stlth   ++........              (no amulet)
HPRegen 0.09/turn               (no ring)
MPRegen 0.00/turn               (no ring)

@: flying, very slightly contaminated
A: sickness immunity, fire resistance 2, cold vulnerability 1, float, innate
caster, HP casting, extra vitality 1
a: no special abilities


You were on level 2 of the Dungeon.
You visited 1 branch of the dungeon, and saw 2 of its levels.

You collected 33 gold pieces.
You spent 15 gold pieces at shops.

Inventory:

Hand Weapons
 d - a +0 quarterstaff (weapon)
Armour
 a - a +0 robe (worn)
Scrolls
 b - 2 scrolls of acquirement {unknown}
 c - a scroll of vulnerability {unknown}
 e - a scroll of brand weapon {unknown}
 f - 2 scrolls of identify {unknown}
 h - a scroll of teleportation {unknown}
 i - a scroll of amnesia {unknown}
Potions
 g - a potion of flight {unknown}


   Skills:
 + Level 1.3 Fighting
 + Level 2.8 Dodging
 - Level 1.5 Stealth
 * Level 3.7 Spellcasting


You couldn't memorise any spells.
You knew the following spells:

 Your Spells              Type           Power      Damage    Failure   Level
a - Magic Dart            Conj           76%        1d6       2%          1
b - Searing Ray           Conj           38%        2d5       4%          2
c - Dazzling Flash        Conj/Hex       38%        N/A       8%          3
d - Fulminant Prism       Conj/Hex       9%         3d7       26%         4
e - Iskenderun's Mystic   Conj/Tloc      19%        2d6       26%         4
f - Freeze                Ice            76%        1d9       2%          1
Your spell library was empty.

Dungeon Overview and Level Annotations

Branches:
Dungeon (2/15)

Altars:

Shops:
D:1 *

Annotations:
D:2 Robin


Innate Abilities, Weirdness & Mutations

You are immune to sickness and miasma.
You are immune to poison.
Your flesh is very heat resistant. (rF++)
You are vulnerable to cold. (rC-)
You float through the air rather than walking.
You learn spells naturally, not from books.
Your magical power is your life essence.
You have superior vitality. (+4 MHP)


Message History

The magic dart hits the goblin.
The goblin is moderately wounded.
Aiming: Magic Dart (safe; 2% risk of failure)
Press: ? - help, Q - select action, (/) - cycle Shift-Dir - straight line, f/p - goblin
Aim: a goblin, wielding a +1 dagger of speed (moderately wounded, 100% to hit)
The magic dart hits the goblin.
You kill the goblin!
A hobgoblin comes into view.
Aiming: Magic Dart (safe; 2% risk of failure)
Press: ? - help, Q - select action, (/) - cycle Shift-Dir - straight line, f - hobgoblin
Aim: a hobgoblin (100% to hit)
The magic dart hits the hobgoblin.
The hobgoblin is severely wounded.
Aiming: Magic Dart (safe; 2% risk of failure)
Press: ? - help, Q - select action, (/) - cycle Shift-Dir - straight line, f/p - hobgoblin
Aim: a hobgoblin (severely wounded, 100% to hit)
You miscast Magic Dart.
You are very lightly contaminated with residual magic.
Nothing appears to happen.
A goblin comes into view. It is wielding a +0 club. x2
Aiming: Magic Dart (safe; 2% risk of failure)
Press: ? - help, Q - select action, (/) - cycle Shift-Dir - straight line, f/p - hobgoblin
Aim: a hobgoblin (severely wounded, 100% to hit)
The magic dart hits the hobgoblin.
You kill the hobgoblin!
The goblin shouts! x2
You hear a shout! x2
A goblin comes into view. It is wielding a +0 dagger.
Aiming: Magic Dart (safe; 2% risk of failure)
Press: ? - help, Q - select action, (/) - cycle Shift-Dir - straight line, f - goblin
Aim: a goblin, wielding a +0 club (100% to hit)
The magic dart hits the goblin.
You kill the goblin!
The goblin shouts!
You hear a shout! x3
A goblin comes into view. It is wielding a +0 club.
Aiming: Magic Dart (safe; 2% risk of failure)
Press: ? - help, Q - select action, (/) - cycle Shift-Dir - straight line, f - goblin
Aim: a goblin, wielding a +0 club (100% to hit)
The magic dart hits the goblin.
You kill the goblin!
A goblin comes into view. It is wielding a +0 club.
Aiming: Magic Dart (safe; 2% risk of failure)
Press: ? - help, Q - select action, (/) - cycle Shift-Dir - straight line, f - goblin
Aim: a goblin, wielding a +0 dagger (100% to hit)
The magic dart hits the goblin.
The goblin is moderately wounded.
A goblin comes into view. It is wielding a +0 dagger.
Aiming: Magic Dart (safe; 2% risk of failure)
Press: ? - help, Q - select action, (/) - cycle Shift-Dir - straight line, f/p - goblin
Aim: a goblin, wielding a +0 dagger (moderately wounded, 100% to hit)
The magic dart hits the goblin.
You kill the goblin!
Robin of the Strong Arm comes into view.
They are wielding a +0 mace.
Your magical contamination has completely faded away.
Robin shouts!
Robin roars a battlecry!
The goblins go into a battle-frenzy!
Things that are here:
a +0 short sword; 5 stones; a kobold skeleton
There is an open door here.
Things that are here:
a +0 dagger; a kobold skeleton A goblin comes into view.
It is wielding a +0 dagger.
The goblin moves out of view.
Aiming: Magic Dart (safe; 2% risk of failure)
Press: ? - help, Q - select action, (/) - cycle Shift-Dir - straight line, f - goblin
Aim: a goblin, wielding a +0 club (strong, 100% to hit)
The magic dart hits the goblin.
The goblin is moderately wounded.
Aiming: Magic Dart (safe; 2% risk of failure)
Press: ? - help, Q - select action, (/) - cycle Shift-Dir - straight line, f/p - goblin
Aim: a goblin, wielding a +0 club (moderately wounded, strong, 100% to hit)
The magic dart hits the goblin.
You kill the goblin!
Casting: Magic Dart (safe; 2% risk of failure)
Confirm with . or Enter, or press ? or * to list all spells.
The spell is quite dangerous to miscast (8% risk of failure)!
Continue anyway?
Casting: Dazzling Flash (quite dangerous; 8% risk of failure)
Press: ? - help, Dir - look around, f - activate The goblin is dazzled.
Robin is dazzled.
A goblin comes into view. It is wielding a +0 club.
Aiming: Magic Dart (safe; 2% risk of failure)
Press: ? - help, Q - select action, (/) - cycle Shift-Dir - straight line, f - goblin
Aim: a goblin, wielding a +0 club (strong, blind, 100% to hit)
You miscast Magic Dart.
You are very lightly contaminated with residual magic.
Nothing appears to happen.
* * * LOW HITPOINT WARNING * * *
The goblin shouts!
Robin barely misses you. The goblin hits you with a +0 club.
* * * LOW HITPOINT WARNING * * *
Aiming: Magic Dart (safe; 2% risk of failure)
Press: ? - help, Q - select action, (/) - cycle Shift-Dir - straight line, f/p - goblin
Aim: a goblin, wielding a +0 club (strong, blind, 100% to hit)
The magic dart hits the goblin.
You kill the goblin!
* * * LOW HITPOINT WARNING * * *
Robin hits you with a +0 mace!
You die...

.# #########.##
#..........###
#............. ###
####......[...... ###<#
................. ....#
........g........ ##..#
.......#)#....... .#..#
......##@##g).... (#..#
####.##..g##.g).. ....#
#####.....##g)..
.#.#######......8..gg....
............###)..###....
.#.########## #...# ..
##.# #...# .
##.############.<.#
..............#...#


You could see Robin (blind) and 3 goblins.

Vanquished Creatures
  A worm (D:2)
  A dart slug (D:1)
  3 endoplasms
  A giant cockroach (D:1)
  8 goblins
  6 hobgoblins
  2 jackals (D:1)
  6 kobolds
  6 bats
  A frilled lizard (D:2)
  A rat (D:1)
36 creatures vanquished.

Notes
Turn   | Place    | Note
-------+----------+-------------------------------------------
     0 | D:1      | RascalDebosk the Djinni Conjurer began the quest for the
                  | Orb.
     0 | D:1      | RascalDebosk set off with the following spells memorised:
                  | Magic Dart, Searing Ray, Dazzling Flash, Fulminant Prism,
                  | Iskenderun's Mystic Blast.
     0 | D:1      | Reached XP level 1. HP: 15/15 MP: 0/0
   230 | D:1      | Reached XP level 2. HP: 12/22 MP: 0/0
   764 | D:1      | Reached skill level 1 in Fighting
   764 | D:1      | Reached XP level 3. HP: 22/27 MP: 0/0
   764 | D:1      | Learned a level 1 spell: Freeze
   944 | D:1      | Found Jodwa's Assorted Antiques.
   955 | D:1      | Bought an amethyst potion for 15 gold pieces
  1672 | D:2      | Noticed Robin
  1681 | D:2      | Slain by Robin

Illustrated notes

Levels and vault maps discovered:
D:1:      saegor_arrival_under_anarchy, layout_loops_cross, serial_shops, shop
D:2:      layout_basic, hellmonk_ecumenical_altar_inner_sanctum,
          grunt_decor_junction, grunt_ministairs_14, uniq_robin

Skill      XL: |  1  2 |
---------------+-------+-----
Fighting       | 1 |  1.3
Dodging        | |  2.8
Stealth        | |  1.5
Spellcasting   | |  3.7

Action                   || total
-------------------------++-------
Melee: Quarterstaff      ||     4
 Cast: Magic Dart        ||    61
       Searing Ray       ||     3
       Dazzling Flash    ||     3
 Stab: Sleeping          ||     1
Armor: Robe              ||     3
Dodge: Dodged            ||    12
